Map: Bridgehead LE (Void)

Players

ShadowSun - Winner!

  • Race: Zerg Zerg
  • League: Grandmaster

Swarm

  • Race: Zerg Zerg
  • League: Platinum

VOD

Have the link to the VOD?

Description

Time

  • Played on: Oct. 2, 2015, 7:14 a.m.
  • Length: 2:47
Show
View Real Time Build Order
Export as new Build Order

ShadowSun Zerg - Winner!

Build Orders: Hatch First 

Get SALT Encoding   

  12  0:01  Drone  
  13  0:08  Drone  
  14  0:17  Overlord  
  14  0:26  Extractor  
  14  0:27  Drone, Extractor  
  13  0:29  Drone  
  16  0:36  Drone  
  17  0:45  Drone  
  18  0:58  Hatchery  
  18  1:01  Drone  
  18  1:06  Extractor  
  17  1:11  Drone  
  18  1:19  Spawning Pool  
  18  1:22  Drone  
  18  1:31  Drone  
  19  1:43  Overlord  
  19  2:06  Zergling x4  
  19  2:07  Queen  
  23  2:10  Spine Crawler  
  22  2:21  Zergling x2  
Show
View Real Time Build Order
Export as new Build Order

Swarm Zerg 

Build Orders: Pool Only 

Get SALT Encoding   

  12  0:01  Drone  
  13  0:22  Spawning Pool  
  13  0:25  Drone  
  13  0:29  Drone  
  14  0:36  Drone, Extractor  
  15  0:43  Overlord  
  15  1:09  Zergling x4  
  15  1:10  Zergling x2  
  15  1:11  Queen  
  20  1:21  Zergling x2  
  21  1:33  Zergling x2  
  22  1:45  Overlord  
  21  2:09  Spine Crawler  
  21  2:10  Spine Crawler  
  21  2:12  Spine Crawler, Zergling x2  
  17  2:35  Spine Crawler  
  19  2:37  Spine Crawler  
Tags
 
Add a new tag
Caveats
  • Supply blocks, unpowered buildings, or Contaminate may cause inaccurate times.
  • Supply counts are checked every 10 seconds.